Map: [ESL] Gresvan

Players

Clem - Winner!

  • Race: Terran Terran
  • Spawn Location: 11:00

Classic

  • Race: Protoss Protoss
  • Spawn Location: 5:00

Event: ESL SC2 Masters 2023 Summer (Finals)

VOD

Have the link to the VOD?

Description

Time

  • Played on: June 16, 2023, 2:50 p.m.
  • Length: 12:36

All games in this series

Show
View Real Time Build Order
Export as new Build Order

Clem Terran - Winner!

Build Orders: Reaper Expand 

Get SALT Encoding   

  12  0:00  SCV  
  13  0:12  SCV  
  14  0:17  Supply Depot  
  14  0:24  SCV  
  15  0:39  SCV  
  15  0:40  Barracks  
  16  0:42  Refinery  
  16  0:51  SCV  
  17  1:03  SCV  
  18  1:15  SCV  
  19  1:28  Orbital Command, Reaper  
  20  1:45  Command Center  
  20  1:50  Supply Depot  
  20  1:53  SCV  
  21  1:59  Marine  
  22  2:05  SCV  
  23  2:09  Factory  
  23  2:18  Marine  
  23  2:19  Bunker  
  23  2:21  SCV  
  25  2:27  Refinery  
  25  2:33  SCV  
  26  2:38  Barracks Reactor  
  26  2:45  SCV  
  27  2:53  Barracks  
  27  2:54  Factory Tech Lab  
  27  2:57  SCV  
  28  2:58  Orbital Command  
  28  3:09  SCV  
  29  3:13  Cyclone  
  29  3:14  Marine x2  
  34  3:21  SCV  
  34  3:25  SCV  
  34  3:32  Engineering Bay  
  34  3:33  SCV  
  35  3:35  Marine x2  
  35  3:37  SCV  
  38  3:46  SCV  
  37  3:49  SCV  
  37  3:52  Barracks Tech Lab  
  37  3:54  Marine x2  
  39  3:58  SCV  
  39  4:01  SCV  
  40  4:07  Terran Infantry Weapons Level 1  
  39  4:10  SCV  
  39  4:12  Stimpack, Marine x2  
  39  4:13  Marine  
  39  4:14  SCV  
  44  4:20  Barracks  
  44  4:24  SCV  
  45  4:26  SCV  
  45  4:27  Supply Depot  
  46  4:31  Starport  
  46  4:36  SCV  
  46  4:41  Factory Reactor  
  46  4:43  Supply Depot  
  46  4:52  Marine x2, Marauder, SCV x2  
  52  4:54  Supply Depot  
  52  5:04  SCV x2  
  54  5:07  Supply Depot  
  54  5:10  Marine x2  
  54  5:13  Refinery  
  54  5:14  Marauder  
  57  5:15  Combat Shield  
  57  5:16  Marauder  
  57  5:17  SCV  
  57  5:18  SCV  
  61  5:26  Medivac x2  
  65  5:30  Marine x2, Supply Depot  
  65  5:33  SCV x2  
  69  5:36  Refinery  
  69  5:38  Marauder  
  69  5:41  Marauder  
  73  5:43  Factory Reactor  
  73  5:45  SCV  
  73  5:46  SCV  
  73  5:48  Marine x2  
  77  5:59  Supply Depot  
  77  6:01  Marauder, Terran Infantry Armor Level 1  
  81  6:04  Marauder  
  81  6:06  Marine x2  
  83  6:13  Command Center  
  80  6:22  Marauder  
  80  6:23  Marine x2  
  80  6:25  Widow Mine x2  
  88  6:27  Medivac  
  88  6:28  Medivac, Concussive Shells  
  92  6:34  Marauder, Supply Depot  
  94  6:40  SCV  
  94  6:46  Marine  
  94  6:50  SCV  
  94  6:52  Marine  
  93  6:54  Widow Mine  
  93  6:55  Marauder  
  93  7:01  Widow Mine  
  98  7:04  Marine  
  94  7:09  Barracks Tech Lab  
  94  7:10  Marine, Medivac x2  
  94  7:13  Supply Depot  
  94  7:14  SCV x2  
  101  7:22  Marine, Armory  
  102  7:25  Widow Mine, Marauder  
  102  7:26  Supply Depot  
  102  7:28  Marine  
  107  7:31  Marauder  
  107  7:33  SCV  
  111  7:38  Supply Depot  
  111  7:41  Barracks  
  111  7:43  SCV  
  111  7:45  Barracks  
  111  7:46  SCV  
  111  7:47  Marauder  
  111  7:49  Orbital Command  
  113  7:53  Marine x2  
  113  7:56  Widow Mine  
  113  7:57  Widow Mine, SCV  
  114  8:00  Marauder  
  114  8:02  SCV  
  113  8:09  SCV, Supply Depot  
  113  8:10  Marauder  
  116  8:12  Viking  
  116  8:14  SCV  
  116  8:18  SCV  
  116  8:19  Terran Infantry Weapons Level 2  
  120  8:21  SCV, Marauder  
  120  8:23  Widow Mine x2  
  121  8:27  Marine x2  
  121  8:29  SCV  
  121  8:31  Marauder  
  125  8:34  Barracks Reactor, Barracks Tech Lab  
  125  8:35  SCV, Supply Depot  
  125  8:40  SCV  
  124  8:42  Marauder  
  124  8:44  SCV, Engineering Bay  
  124  8:45  Ghost Academy  
  124  8:46  Marine x2  
  124  8:47  SCV  
  127  8:51  Widow Mine x2, Viking  
  127  8:55  Viking  
  128  8:56  SCV  
  128  8:59  SCV, Marauder  
  128  9:02  Marauder  
  133  9:04  Refinery  
  133  9:05  Refinery  
  131  9:10  Supply Depot  
  131  9:15  Ghost  
  133  9:20  Ghost  
  133  9:23  Command Center  
  134  9:25  Viking  
  134  9:28  Viking  
  136  9:32  Widow Mine x2  
  136  9:36  Marine x2  
  136  9:37  Supply Depot  
  142  9:39  SCV x2  
  142  9:42  SCV  
  143  9:48  Marine  
  143  9:51  SCV x2  
  143  9:52  Ghost x2  
  144  9:54  SCV  
  144  9:55  Marine x3  
  148  10:00  Viking  
  148  10:02  Viking  
  148  10:03  SCV x2  
  153  10:09  Supply Depot  
  153  10:10  Ghost  
  153  10:11  Marine  
  149  10:15  Widow Mine x2  
  149  10:16  Marine x2  
  153  10:21  Marauder, Marine  
  153  10:22  Ghost  
  155  10:29  Marine  
  155  10:32  SCV, Engineering Bay  
  155  10:33  Marine  
  155  10:34  Marine  
  159  10:40  Marine, Marauder  
  158  10:46  Marauder  
  158  10:48  Widow Mine x2  
  157  10:50  Medivac x2  
  157  10:51  Marauder  
  157  10:52  Marine, SCV  
  157  10:53  SCV  
  157  10:54  SCV  
  163  10:59  Marine  
  163  11:00  Marine x3  
  167  11:04  SCV  
  167  11:05  SCV  
  167  11:06  SCV  
  167  11:10  Marine  
  169  11:12  Widow Mine x2  
  169  11:14  Ghost  
  169  11:15  Marine  
  176  11:19  Marine x4  
  180  11:28  Marine  
  180  11:32  Medivac, Ghost  
  181  11:34  Widow Mine  
  181  11:36  Marine  
  181  11:37  Ghost  
  185  11:40  Marine  
  185  11:41  Marine  
  185  11:44  Medivac  
  185  11:47  Barracks x3, Widow Mine, Marine  
  185  11:51  Refinery x2  
  186  11:55  Planetary Fortress  
  186  11:56  Marauder  
  173  12:03  Marauder  
  173  12:04  Marine  
  173  12:06  Marine  
  173  12:08  Marine  
  166  12:09  Widow Mine x2  
  166  12:15  Marine, Command Center  
Show
View Real Time Build Order
Export as new Build Order

Classic Protoss 

Build Orders: 1 Gate Expand, Oracle Opening 

Get SALT Encoding   

  12  0:00  Probe  
  13  0:12  Probe  
  14  0:17  Pylon  
  14  0:24  Probe  
  15  0:35  Gateway  
  15  0:36  Probe (Chrono Boost)  
  16  0:46  Probe (Chrono Boost), Assimilator  
  17  0:51  Probe (Chrono Boost)  
  18  1:03  Probe  
  19  1:15  Probe  
  20  1:22  Cybernetics Core  
  20  1:33  Nexus  
  20  1:41  Pylon  
  20  1:43  Probe  
  21  1:50  Assimilator  
  21  1:55  Probe  
  21  1:56  Adept (Chrono Boost)  
  24  2:05  Pylon  
  24  2:07  Probe  
  25  2:16  Adept (Chrono Boost)  
  25  2:19  Probe  
  28  2:28  Stargate  
  28  2:32  Probe  
  28  2:34  Warp Gate  
  29  2:40  Adept (Chrono Boost)  
  32  2:44  Probe  
  32  2:46  Probe  
  33  2:56  Probe  
  34  2:58  Probe  
  34  3:03  Adept  
  37  3:08  Probe  
  37  3:10  Probe  
  39  3:13  Oracle (Chrono Boost)  
  42  3:20  Probe  
  42  3:23  Probe  
  42  3:30  Twilight Council  
  42  3:35  Probe x2  
  44  3:47  Probe x2  
  46  3:51  Gateway  
  46  3:52  Gateway  
  44  3:55  Pylon  
  44  3:59  Probe x2  
  44  4:02  Blink (Chrono Boost)  
  46  4:11  Probe x2  
  46  4:13  Assimilator  
  46  4:15  Assimilator  
  46  4:23  Probe x2, Stalker  
  50  4:26  Robotics Facility  
  50  4:30  Pylon  
  50  4:35  Probe x2  
  52  4:49  Stalker x3  
  58  4:54  Nexus  
  58  4:57  Pylon  
  58  5:08  Probe  
  58  5:09  Probe  
  58  5:13  Robotics Bay  
  60  5:18  Stalker x3  
  67  5:21  Observer  
  67  5:24  Probe  
  67  5:25  Probe  
  67  5:27  Pylon  
  69  5:36  Probe  
  69  5:37  Probe  
  69  5:41  Stalker x3  
  77  5:45  Pylon  
  77  5:48  Probe  
  77  5:49  Probe  
  79  6:00  Probe  
  79  6:01  Probe, Colossus (Chrono Boost)  
  87  6:05  Pylon  
  87  6:06  Extended Thermal Lance  
  87  6:08  Probe  
  88  6:16  Probe x2  
  90  6:20  Probe  
  91  6:26  Gateway  
  91  6:27  Gateway  
  91  6:29  Gateway  
  91  6:30  Charge  
  91  6:32  Shield Battery  
  91  6:34  Probe x2  
  91  6:35  Probe  
  91  6:41  Stalker x2  
  81  6:47  Stalker  
  75  6:59  Probe x3  
  70  7:02  Observer  
  70  7:05  Stalker x2  
  70  7:07  Immortal (Chrono Boost)  
  69  7:12  Probe x2  
  69  7:13  Probe  
  76  7:15  Pylon  
  76  7:24  Zealot x4  
  76  7:26  Probe x3  
  87  7:32  Pylon  
  87  7:36  Stalker x2  
  91  7:44  Stalker  
  93  7:47  Zealot x2  
  97  7:51  Probe x3, Colossus (Chrono Boost)  
  101  8:07  Forge  
  101  8:09  Probe x2, Forge  
  101  8:10  Probe  
  104  8:16  Pylon, Stalker x3  
  110  8:30  Probe  
  110  8:31  Probe  
  110  8:32  Protoss Ground Armor Level 1 (Chrono Boost), Zealot x3, Protoss Ground Weapons Level 1 (Chrono Boost)  
  105  8:45  Stalker x3  
  105  8:47  Observer (Chrono Boost)  
  112  8:53  Probe x3  
  115  9:02  Stalker x3  
  117  9:07  Warp Prism (Chrono Boost)  
  117  9:09  Probe x3  
  118  9:14  Stalker x2  
  124  9:19  Pylon  
  124  9:20  Assimilator  
  124  9:21  Pylon  
  124  9:28  Pylon  
  124  9:30  Pylon  
  124  9:31  Robotics Facility  
  124  9:37  Probe x3  
  125  9:38  Pylon  
  125  9:41  Pylon  
  125  9:42  Disruptor  
  124  9:49  Probe x3  
  123  9:57  Nexus  
  123  9:58  Pylon  
  123  10:08  Nexus  
  123  10:15  Disruptor (Chrono Boost)  
  123  10:18  Zealot x6  
  138  10:22  Disruptor (Chrono Boost)  
  127  10:46  Zealot x3  
  127  10:47  Zealot x2  
  127  10:49  Disruptor x2 (Chrono Boost), Zealot  
  117  10:59  Zealot  
  117  11:04  Gateway  
  119  11:05  Gateway, Assimilator  
  119  11:14  Zealot x5  
  125  11:26  Disruptor x2 (Chrono Boost)  
  122  11:34  Zealot x3  
  126  11:40  Zealot x3  
  127  11:55  Zealot  
  127  11:56  Zealot x2  
  127  11:58  Disruptor x2 (Chrono Boost)  
  127  11:59  Zealot x2  
  111  12:09  Zealot  
  111  12:10  Stalker x2  
  115  12:20  Zealot x5  
Tags
 
Add a new tag
Caveats
  • Supply blocks, unpowered buildings, or Contaminate may cause inaccurate times.
  • Supply counts are checked every 10 seconds.